 Dungeon Crawl Stone Soup version 0.28.0 (webtiles) character file.

Game seed: 15166617648071365381

400 roseMary the Caller (level 6, -6/61 HPs)
             Began as a Vampire Summoner on May 18, 2022.
             Mangled by Duvessa the wyvern (12 damage)
             ... on level 4 of the Dungeon.
             The game lasted 00:17:33 (3396 turns).

roseMary the Caller (Vampire Summoner)              Turns: 3396, Time: 00:17:34

Health: -6/61      AC: 23    Str:  7    XL:     6   Next: 54%
Magic:  0/9        EV:  2    Int: 19    God:
Gold:   11         SH:  0    Dex: 15    Spells: 0/9 levels left

rFire   . . .      SeeInvis +   b - +0 dagger
rCold   . . .      Faith    +   (no shield)
rNeg    . . .      Spirit   .   (armour currently unavailable)
rPois   +          Reflect  .   (helmet currently unavailable)
rElec   .          Harm     .   (cloak currently unavailable)
rCorr   .          Rampage  .   (gloves currently unavailable)
Will    .....      NoTele   +   (boots currently unavailable)
Stlth   +++.......              d - amulet of Mauntyt {Faith Fly Stlth+}
HPRegen 0.40/turn               (no ring)
MPRegen 0.11/turn               (no ring)

@: tree-form, healing quickly
A: stationary, stasis, torment immunity, boosted hp, alive, (fangs 3), see
invisible, vampiric 2
a: Exsanguinate


You were on level 4 of the Dungeon.
You were a tree.
You visited 1 branch of the dungeon, and saw 4 of its levels.

You collected 108 gold pieces.
You spent 97 gold pieces at shops.

Inventory:

Hand Weapons
 b - a +0 dagger (weapon)
Armour
 a - a +1 helmet (melded)
 f - a +0 chain mail
 h - a +0 leather armour (melded)
 k - a +0 cloak (melded)
 m - a +0 ring mail
Jewellery
 d - the amulet of Mauntyt (around neck) {Faith Fly Stlth+}
   (You acquired it on level 3 of the Dungeon)

   [amulet of faith]

   It allows you to gain divine favour quickly.
   Fly:       It grants you flight.
   Stlth:     It makes you more stealthy.
Scrolls
 i - 5 scrolls of teleportation
 j - a scroll of enchant weapon
 o - 2 scrolls of magic mapping


   Skills:
 - Level 3.0 Dodging
 - Level 3.0 Stealth
 - Level 2.0 Spellcasting
 + Level 7.7 Summonings


You couldn't memorise any spells.
You knew the following spells:

 Your Spells              Type           Power      Damage    Failure   Level
a - Summon Small Mammal   Summ           100%       N/A       1%          1
b - Call Imp              Summ           31%        N/A       1%          2
c - Call Canine Familiar  Summ           31%        N/A       1%          3
d - Summon Guardian Gole  Hex/Summ       16%        N/A       11%         3

Your spell library contained the following spells:

 Spells                   Type           Power      Damage    Failure   Level
 Blink                    Tloc           2%         N/A       26%         2
 Corpse Rot               Necr/Air       2%         N/A       26%         2
 Poisonous Vapours        Pois/Air       2%         N/A       26%         2
 Summon Lightning Spire   Summ/Air       16%        N/A       34%         4
 Dazzling Flash           Conj/Hex       2%         N/A       45%         3
 Lesser Beckoning         Tloc           1%         N/A       45%         3
 Iskenderun's Mystic Bla  Conj/Tloc      1%         2d3       86%         4
 Manifold Assault         Tloc           1%         N/A       99%         5
 Starburst                Conj/Fire      0%         6d3       100%        6


Dungeon Overview and Level Annotations

Branches:
Dungeon (4/15)
 Temple: D:4-7

Altars:
Okawaru
Qazlal
The Shining One

Shops:
D:1 :   D:4 ?

Annotations:
D:4 Dowan, Duvessa


Innate Abilities, Weirdness & Mutations

You are a tree.
Your roots penetrate the ground, keeping you stationary.
You cannot be teleported.
You are immune to unholy pain and torment.
Your maximum health is greatly increased.
Your equipment is partially melded.
Your natural rate of healing is accelerated.
((You have razor-sharp teeth.))
You have supernaturally acute eyesight. (SInv)
You are afflicted with vampirism and can become a bat while bloodless.


Message History

Your wolf appears confused.
Your wolf bites you but does no damage.
Aiming: Polymorph
Press: ? - help, Shift-Dir - straight line, f/p - Duvessa
Aim: Duvessa the sky beast (noxious fumes, ally target, will become a tengu, a wyvern, or a fire bat, chance to affect: 49%) Duvessa the sky beast evaporates and reforms as a fire bat!
Duvessa is engulfed in noxious fumes.
Duvessa barely misses you.
Your wolf is engulfed in noxious fumes.
Your wolf falls into the water!
Your wolf drowns.
Aiming: Polymorph
Press: ? - help, Shift-Dir - straight line, f/p - Duvessa
Aim: Duvessa the fire bat (noxious fumes, will become a sky beast, a wyvern, or an acid dragon, chance to affect: 57%) Duvessa the fire bat evaporates and reforms as an acid dragon!
Aiming: Polymorph
Press: ? - help, Shift-Dir - straight line, f/p - Duvessa
Aim: Duvessa the acid dragon (noxious fumes, will become a tengu, a fire bat, or a wyvern, chance to affect: 49%) Duvessa the acid dragon evaporates and reforms as a wyvern!
Duvessa is engulfed in noxious fumes.
Duvessa appears confused.
Duvessa bites you but does no damage.
Aiming: Polymorph
Press: ? - help, Shift-Dir - straight line, f/p - Duvessa
Aim: Duvessa the wyvern (confused, will become a hornet, a sky beast, or a tengu, chance to affect: 49%) Duvessa resists with some effort.
Duvessa bites you.
* * * LOW HITPOINT WARNING * * *
Unknown command.
Aiming: Polymorph
Press: ? - help, Shift-Dir - straight line, f/p - Duvessa
Aim: Duvessa the wyvern (confused, will become a hornet, a sky beast, or a tengu, chance to affect: 49%) Duvessa resists with some effort.
The now-empty wand crumbles to dust.
Casting: Call Canine Familiar (safe; 1% risk of failure)
Confirm with . or Enter, or press ? or * to list all spells.
Duvessa bites your rat.
Your rat dies!
Your rat's corpse disappears in a puff of smoke!
You feel yourself slow down. Duvessa bites you but does no damage.
Casting: Summon Small Mammal (safe; 1% risk of failure)
Confirm with . or Enter, or press ? or * to list all spells.
Duvessa bites you!
You die...

#$###...##....5...........
#....<..##5#####.#########
.. #####.#.##.# #.# #.
#.#.##.# #§## #..
#####.#.##5# #.5#
##..##..........# ##.#
.....#.###...e##### #g#
#.........####≈≈####g#
##....###.el♣∩r.<..'.#
##...# ##############
##..### #.# ##...###.#
##...##.# #..#.#.#
#.###..# #..# ##.##
......##..####


You could see Duvessa the wyvern (confused, ally target), Dowan and a friendly
rat (summoned).

Vanquished Creatures
  Natasha (D:2)
  3 dart slugs
  An orc (D:3)
  3 ball pythons
  5 endoplasms
  2 giant cockroaches
  2 goblins (D:2)
  4 hobgoblins
  A jackal (D:3)
  2 quokkas
  A frilled lizard (D:3)
  2 kobolds
  A rat (D:2)
28 creatures vanquished.

Vanquished Creatures (collateral kills)
  An ogre (D:4)
  Blork the orc (D:4)
  An orc priest (D:3)
  Natasha (twice) (D:2)
  Robin (D:2)
  A gnoll (D:4)
  5 adders
  A worm (D:3)
  3 orcs (D:3)
  2 endoplasms (D:4)
  A giant cockroach (D:3)
  5 hobgoblins
  5 jackals
  2 ball pythons
  2 bats (D:3)
  A frilled lizard (D:2)
  7 goblins
  3 kobolds
44 creatures vanquished.

Grand Total: 72 creatures vanquished

Notes
Turn   | Place    | Note
-------+----------+-------------------------------------------
     0 | D:1      | roseMary the Vampire Summoner began the quest for the Orb.
     0 | D:1      | Reached XP level 1. HP: 13/13 MP: 3/3
   141 | D:1      | Found Buenoj's Book Shoppe.
   217 | D:1      | Reached XP level 2. HP: 16/19 MP: 3/5
   222 | D:1      | Learned a level 2 spell: Call Imp
   308 | D:1      | Found a faded altar of an unknown god.
   805 | D:2      | Reached skill level 5 in Summonings
   955 | D:2      | Gained mutation: You are afflicted with vampirism and can
                  | become a bat while bloodless. [Vampire growth]
   955 | D:2      | Reached XP level 3. HP: 24/24 MP: 4/6
   959 | D:2      | Learned a level 3 spell: Call Canine Familiar
  1140 | D:2      | Noticed Natasha
  1152 | D:2      | Killed Natasha
  1159 | D:2      | Noticed Natasha
  1170 | D:2      | Killed Natasha
  1171 | D:2      | Reached XP level 4. HP: 15/30 MP: 1/7
  1221 | D:2      | Noticed Natasha
  1249 | D:2      | Killed Natasha
  1250 | D:2      | Reached skill level 6 in Summonings
  1316 | D:2      | Noticed Robin
  1335 | D:2      | Killed Robin
  1816 | D:3      | Reached XP level 5. HP: 35/35 MP: 4/8
  2048 | D:3      | Identified a scroll of acquirement
  2049 | D:3      | Acquired the amulet of Mauntyt {Faith Fly Stlth+}
  2586 | D:4      | Noticed an ogre
  2588 | D:4      | Found a stormy altar of Qazlal.
  2624 | D:4      | Killed an ogre
  2625 | D:4      | Reached skill level 7 in Summonings
  2625 | D:4      | Reached XP level 6. HP: 41/41 MP: 1/9
  2633 | D:4      | Learned a level 3 spell: Summon Guardian Golem
  2809 | D:4      | Noticed Blork the orc
  2820 | D:4      | Killed Blork the orc
  3115 | D:4      | Found Ugexac's Magic Scroll Shop.
  3120 | D:4      | Bought a scroll of identify for 26 gold pieces
  3120 | D:4      | Bought a scroll of magic mapping for 45 gold pieces
  3120 | D:4      | Bought a scroll of identify for 26 gold pieces
  3163 | D:4      | Found an iron altar of Okawaru.
  3172 | D:4      | Noticed Duvessa
  3172 | D:4      | Noticed Dowan
  3341 | D:4      | HP: 2/41 [Duvessa (1)]
  3382 | D:4      | Noticed Duvessa
  3382 | D:4      | Duvessa changed into Duvessa the bullfrog
  3384 | D:4      | Noticed Duvessa
  3384 | D:4      | Duvessa the bullfrog changed into Duvessa the swamp drake
  3386 | D:4      | Noticed Duvessa
  3386 | D:4      | Duvessa the swamp drake changed into Duvessa the sky beast
  3387 | D:4      | Noticed Duvessa
  3387 | D:4      | Duvessa the sky beast changed into Duvessa the fire bat
  3388 | D:4      | Noticed Duvessa
  3388 | D:4      | Duvessa the fire bat changed into Duvessa the acid dragon
  3389 | D:4      | Noticed Duvessa
  3389 | D:4      | Duvessa the acid dragon changed into Duvessa the wyvern
  3396 | D:4      | Mangled by Duvessa the wyvern

Illustrated notes

Levels and vault maps discovered:
D:1:      psy_arrival_statuary, layout_rooms,
          shapermc_ecumenical_altar_totnotflames, serial_shops, shop
D:2:      layout_basic, minmay_pentomino_o2, uniq_natasha, uniq_robin
D:3:      layout_loops_cross, tso_oasis_becter, chequers_jeans
D:4:      layout_loops_ring, okawaru_metal_pillars_3,
          nemelex_spade_bored_becter, lemuel_round_altar, serial_shops,
          nicolae_shop_hallway_stairs, minmay_misc_feat_four_crosses,
          uniq_blork_the_orc, uniq_duvessa

Skill      XL: |  1  2  3  4  5 |
---------------+----------------+-----
Summonings     | 5 6 7 |  7.7
Dodging        | 3 |  3.0
Stealth        | |  3.0
Spellcasting   | |  2.0

Action                   |  1- 3 |  4- 6 || total
-------------------------+-------+-------++-------
Melee: Dagger            |    51 |   180 ||   231
       Bite              |     4 |    16 ||    20
       Punch             |       |     1 ||     1
 Cast: Summon Small Mamm |    25 |    29 ||    54
       Call Imp          |     3 |    17 ||    20
       Call Canine Famil |       |    16 ||    16
Evoke: Wand              |       |    10 ||    10
  Use: Scroll            |       |     8 ||     8
       Potion            |       |     5 ||     5
 Stab: Distracted        |     3 |       ||     3
       Sleeping          |     2 |     3 ||     5
Armor: Robe              |     3 |       ||     3
       Leather armour    |     8 |    66 ||    74
       Skin              |       |    24 ||    24
Dodge: Dodged            |    44 |   118 ||   162
